 Dungeon Crawl Stone Soup version 0.21-a0-471-gd587bd5 (webtiles) character file.

212 kae the Ruffian (level 5, -2/42 HPs)
             Began as a Draconian Transmuter on Nov 21, 2017.
             Slain by an orc wizard
             ... wielding a +0 dagger
              (5 damage)
             ... on level 4 of the Dungeon.
             The game lasted 00:02:51 (3197 turns).

kae the Ruffian (Draconian Transmuter)              Turns: 3197, Time: 00:02:52

Health: -2/42      AC:  6    Str: 13    XL:     5   Next: 58%
Magic:  2/9        EV: 12    Int: 13    God:
Gold:   207        SH:  0    Dex: 12    Spells: 3/9 levels left

rFire    . . .     SeeInvis .   l - +0 mace (crush)
rCold    . . .     Gourm    .   (no shield)
rNeg     . . .     Faith    .   (armour unavailable)
rPois    .         Spirit   .   (helmet restricted)
rElec    .         Reflect  .   n - +0 cloak
rCorr    .         Harm     .   (no gloves)
MR       .....                  (no boots)
Stlth    +.........             (no amulet)
HPRegen  0.14/turn              (no ring)
MPRegen  0.11/turn              (no ring)

@: very slightly contaminated
A: unfitting armour, cold-blooded, AC +5
a: no special abilities


You were on level 4 of the Dungeon.
You were not hungry.

You visited 1 branch of the dungeon, and saw 4 of its levels.

You collected 207 gold pieces.

Inventory:

Hand Weapons
 j - a +0 club
 l - a +0 mace of crushing (weapon)
Missiles
 a - 76 arrows
Armour
 n - a +0 cloak (worn)
Jewellery
 i - a cursed amulet of rage
 q - an uncursed ring of fire {unknown}
Wands
 o - a wand of flame (26)
Potions
 d - a potion of lignification {unknown}
 e - a potion of might {unknown}
 g - a potion of haste {unknown}
 h - 3 potions of curing
 m - a potion of ambrosia {unknown}
 s - a potion of brilliance {unknown}
Books
 b - a book of Changes

   Spells                             Type                      Level
   a - Beastly Appendage              Transmutation                1
   b - Sticks to Snakes               Transmutation                2
   c - Spider Form                    Transmutation/Poison         3
   d - Ice Form                       Ice/Transmutation            4
   e - Blade Hands                    Transmutation                5
Comestibles
 c - a bread ration
 f - 4 meat rations
 k - 4 fruits
 p - 5 chunks of flesh


   Skills:
 + Level 2.5 Fighting
 - Level 1.7 Dodging
 * Level 4.4 Unarmed Combat
 + Level 2.7 Spellcasting
 * Level 3.7 Transmutations


You had 3 spell levels left.
You knew the following spells:

 Your Spells              Type           Power        Failure   Level  Hunger
a - Beastly Appendage     Tmut           ##....       4%          1    #......
b - Sticks to Snakes      Tmut           ##......     8%          2    ###....
c - Spider Form           Tmut/Pois      #.........   32%         3    ###....


Dungeon Overview and Level Annotations

Branches:
Dungeon (4/15)
 Temple: D:4-7

Altars:
Gozag
Kikubaaqudgha
Vehumet


Innate Abilities, Weirdness & Mutations

Your plain brown scales are hard. (AC +5)
You cannot fit into any form of body armour.
You are cold-blooded and may be slowed by cold attacks.


Message History

You closely miss something. Something hits you but does no damage.
Your ball python bites something but does no damage.
Something closely misses your ball python.
You hear some strange, mumbled words.
A magic dart appears from out of thin air!
The magic dart hits you!
* * * LOW HITPOINT WARNING * * *
You miss something. You tail-slap something.
Your ball python misses something.
You hear some strange, mumbled words.
A puff of flame appears from out of thin air!
The puff of flame hits your ball python.
Your ball python dies!
You hear some strange, mumbled words.
A magic dart appears from out of thin air!
The magic dart hits you!
* * * LOW HITPOINT WARNING * * *
You miss something.
You hear a shout!
Something hits you.
You die...

..+ ..######
#......# #......#
#......# #......#
#####o.....#
#...{{# #...@.#
#.....# +.....+
###+#########.....#
..................#
..................#
..................#
........).........+
..................#


You could see an orc.

Vanquished Creatures
  An ogre (D:4)
  A bullfrog skeleton (D:3)
  An adder (D:2)
  An ooze (D:1)
  A dart slug (D:1)
  3 leopard geckos
  5 orcs (D:3)
  6 bats
  4 goblins
  7 hobgoblins
  3 jackals (D:1)
  6 kobolds
  3 quokkas
  2 ball pythons (D:1)
  3 frilled lizards
  11 rats
58 creatures vanquished.

Vanquished Creatures (collateral kills)
  Crazy Yiuf (D:2)
  An orc priest (D:4)
2 creatures vanquished.

Grand Total: 60 creatures vanquished

Notes
Turn   | Place    | Note
-------+----------+-------------------------------------------
     0 | D:1      | kae the Draconian Transmuter began the quest for the Orb.
     0 | D:1      | Reached XP level 1. HP: 16/16 MP: 3/3
   160 | D:1      | Reached XP level 2. HP: 20/23 MP: 5/5
   792 | D:1      | Reached XP level 3. HP: 24/28 MP: 6/6
   818 | D:1      | Learned a level 2 spell: Sticks to Snakes
   822 | D:1      | Learned a level 3 spell: Spider Form
  1048 | D:2      | Found an opulent altar of Gozag.
  1336 | D:2      | Found a radiant altar of Vehumet.
  1499 | D:2      | Found a runed door.
  1852 | D:2      | Noticed Crazy Yiuf
  1857 | D:2      | Killed Crazy Yiuf
  1857 | D:2      | Reached XP level 4. HP: 29/36 MP: 4/7
  2112 | D:3      | Reached skill level 4 in Unarmed Combat
  2275 | D:3      | Found an ancient bone altar of Kikubaaqudgha.
  3079 | D:4      | Reached XP level 5. HP: 27/41 MP: 5/8
  3119 | D:4      | Noticed an ogre
  3128 | D:4      | Killed an ogre
  3187 | D:4      | HP: 2/42 [something/puff of flame (9)]
  3197 | D:4      | Slain by an orc wizard

Vault maps used:
D:1:      dpeg_arrival_tiny_a, minmay_misc_feat_more_columns
D:2:      grunt_gozag_breadcrumbs, lemuel_doored_altar, serial_bayou_pond_a,
          corner_web_ring, uniq_crazy_yiuf_cottage
D:3:      marbit_many_paths
D:4:      old_standard_altar, serial_shops, kennysheep_little_box

Skill      XL: |  1  2  3  4 |
---------------+-------------+-----
Fighting       | 2 |  2.5
Transmutations | 3 |  3.7
Unarmed Combat | 4 |  4.4
Dodging        | |  1.7
Spellcasting   | |  2.7

Action                   |  1- 3 |  4- 6 || total
-------------------------+-------+-------++-------
Melee: Unarmed           |    64 |       ||    64
       Tailslap          |    11 |     7 ||    18
       Club              |    55 |       ||    55
       Kick              |     7 |       ||     7
       Mace              |    10 |    99 ||   109
       Punch             |     1 |     1 ||     2
 Cast: Beastly Appendage |     6 |     1 ||     7
       Sticks to Snakes  |     1 |     7 ||     8
  Use: Scroll            |     2 |     4 ||     6
       Potion            |       |     2 ||     2
 Stab: Sleeping          |     1 |     1 ||     2
       Distracted        |       |     1 ||     1
  Eat: Chunk             |     2 |     6 ||     8
Armor: Skin              |    63 |    39 ||   102
Dodge: Dodged            |   107 |    77 ||   184

Table legend:
 A = Spawn XP
 B = Non-spawn XP
 C = Spawn XP percentage of total XP
 D = Spawn monster count
 E = Non-spawn monster count
 F = Spawn count percentage of total count
 G = Total turns spent on level
                    A         B        C        D         E        F      G
               +---------+---------+-------+---------+---------+-------+---------
         Total |       0 |     304 |   0.0 |       0 |      60 |   0.0 |  3197
               +---------+---------+-------+---------+---------+-------+---------
           D:1 |       0 |      45 |   0.0 |       0 |      23 |   0.0 |   893
           D:2 |       0 |      70 |   0.0 |       0 |      14 |   0.0 |  1154
           D:3 |       0 |      80 |   0.0 |       0 |      21 |   0.0 |   999
           D:4 |       0 |     109 |   0.0 |       0 |       2 |   0.0 |   151
               +---------+---------+-------+---------+---------+-------+---------
